 Dungeon Crawl Stone Soup version 0.29-a0-11-ga75d3d97ab (webtiles) character file.

Game seed: 15088583269808152204

99 Iich the Cudgeller (level 4, -4/40 HPs)
             Began as a Minotaur Berserker on Jan 28, 2022.
             Was a Believer of Trog.
             Killed by divine providence
             ... invoked by an orc priest
              (11 damage)
             ... on level 3 of the Dungeon.
             The game lasted 00:02:58 (1866 turns).

Iich the Cudgeller (Minotaur Berserker)             Turns: 1866, Time: 00:02:58

Health: -4/40      AC: 10    Str: 24    XL:     4   Next: 45%
Magic:  3/3        EV:  8    Int:  4    God:    Trog [**....]
Gold:   58         SH:  0    Dex:  9    Spells: 3/3 levels left

rFire   . . .      SeeInvis +   a - +0 mace
rCold   . . .      Faith    .   (no shield)
rNeg    . . .      Spirit   .   h - +0 chain mail
rPois   .          Reflect  .   (helmet restricted)
rElec   .          Harm     .   (no cloak)
rCorr   .          Rampage  .   c - +0 pair of gloves
Will    .....                   (no boots)
Stlth   ..........              (no amulet)
HPRegen 0.13/turn               m - ring of see invisible
MPRegen 0.08/turn               (no ring)

@: no status effects
A: horns 2, retaliatory headbutt
a: Renounce Religion, Berserk, Trog's Hand


You were on level 3 of the Dungeon.
You worshipped Trog.
Trog was pleased with you.
You visited 1 branch of the dungeon, and saw 3 of its levels.

You collected 58 gold pieces.

Inventory:

Hand Weapons
 a - a +0 mace (weapon)
Missiles
 b - 134 stones (quivered)
Armour
 c - a +0 pair of gloves (worn)
 d - a +0 scale mail
 f - a +1 ring mail of fire resistance
 h - a +0 chain mail (worn)
Jewellery
 m - a ring of see invisible (left hand)
Scrolls
 e - a scroll of identify {unknown}
 g - a scroll of amnesia {unknown}
 i - a scroll of blinking {unknown}
 j - a scroll of enchant weapon {unknown}
 n - a scroll of teleportation {unknown}
 o - a scroll of immolation {unknown}
Potions
 k - 2 potions of attraction
 l - a potion of berserk rage


   Skills:
 + Level 4.1 Fighting
 + Level 4.7 Maces & Flails
 + Level 1.4 Throwing
 + Level 3.7 Armour
 + Level 2.3 Dodging


You had 3 spell levels left.
You didn't know any spells.
Your spell library was empty.

Dungeon Overview and Level Annotations

Branches:
Dungeon (3/15)

Altars:

Shops:
D:2 (


Innate Abilities, Weirdness & Mutations

You have a pair of horns on your head.
You reflexively headbutt those who attack you in melee.


Message History

There is a stone staircase leading down here.
You climb downwards.
The orc priest shouts!
Found 16 bolts.
Found a stone staircase leading down.
There is a stone staircase leading up here.
An orc comes into view. It is wielding a +0 whip.
The orc priest hits you but does no damage.
You sock the orc!
You kill the orc!
Trog accepts your kill.
The orc priest calls down the wrath of Beogh upon you.
Pain shoots through your body!
You hit the orc.
The orc is severely wounded.
The orc priest invokes the aid of Beogh against you.
Beogh smites you! The orc hits you but does no damage.
You hit the orc.
You kill the orc!
Trog accepts your kill.
The orc priest hits you with a +0 dagger.
Items here: )) ††.
You hit the orc priest but do no damage.
The orc priest calls down the wrath of Beogh upon you.
You barely resist.
You hit the orc priest but do no damage.
The orc priest hits you with a +0 dagger.
You completely miss the orc priest.
The orc priest mumbles some strange prayers to Beogh against you.
Pain shoots through your body!
* * * LOW HITPOINT WARNING * * *
You closely miss the orc priest.
The orc priest hits you but does no damage.
The orc priest hits you with a +0 dagger.
* * * LOW HITPOINT WARNING * * *
You barely miss the orc priest. The orc priest barely misses you.
You hit the orc priest but do no damage.
You headbutt the orc priest, but do no damage.
The orc priest mumbles some strange prayers to Beogh against you.
Beogh smites you!
You die...

#### ...
### #.##
#...#..##
#....>o<#
#.(.#.@##
##
#.........
.....##.##.
#.###### ..
.#


You could see an orc priest.

Vanquished Creatures
  Jessica (D:2)
  4 adders (D:2)
  A worm (D:2)
  A dart slug (D:2)
  2 orcs (D:3)
  2 bats (D:1)
  A giant cockroach (D:2)
  4 goblins (D:1)
  4 hobgoblins
  2 ball pythons (D:2)
  A frilled lizard (D:2)
  6 kobolds
  4 rats
33 creatures vanquished.

Notes
Turn   | Place    | Note
-------+----------+-------------------------------------------
     0 | D:1      | Iich the Minotaur Berserker began the quest for the Orb.
     0 | D:1      | Reached XP level 1. HP: 19/19 MP: 0/0
   449 | D:1      | Found a faded altar of an unknown god.
   460 | D:1      | Reached XP level 2. HP: 27/27 MP: 1/1
  1310 | D:2      | Noticed Jessica
  1327 | D:2      | Killed Jessica
  1328 | D:2      | Reached XP level 3. HP: 24/33 MP: 2/2
  1537 | D:2      | Reached XP level 4. HP: 38/40 MP: 3/3
  1695 | D:2      | Found Ineidawk's Antique Weapon Emporium.
  1700 | D:2      | Reached skill level 1 in Throwing
  1800 | D:2      | Reached ** piety under Trog
  1866 | D:3      | Killed from afar by an orc priest

Illustrated notes

Levels and vault maps discovered:
D:1:      dpeg_arrival_morbid_curiosity, layout_basic,
          dreamdust_ecumenical_altar_grove, minivault_23
D:2:      layout_rooms, serial_shops, shop, lightli_corner_chamber, uniq_jessica
D:3:      layout_loops_cross, minmay_divided_ellipse

Skill      XL: |  1  2  3  4 |
---------------+-------------+-----
Maces & Flails | 4 |  4.7
Fighting       | 4 |  4.1
Armour         | 3 |  3.7
Throwing       | 1 |  1.4
Dodging        | |  2.3

Action                   |  1- 3 |  4- 6 || total
-------------------------+-------+-------++-------
Melee: Mace              |    27 |    15 ||    42
       Headbutt          |     2 |     5 ||     7
Throw: Stone             |    66 |       ||    66
  Use: Potion            |       |     2 ||     2
Armor: Scale mail        |    12 |       ||    12
       Chain mail        |    15 |     9 ||    24
Dodge: Dodged            |    40 |    11 ||    51

Table legend: (Time is in decaauts)
 A = Elapsed time spent in this place.
 B = Non-inter-level travel time spent in this place.
 C = Inter-level travel time spent in this place.
 D = Time resting spent in this place.
 E = Time spent auto-exploring this place.
 F = Levels seen in this place.
 G = Mean time per level.
                   A        B        C        D        E       F      G
               +--------+--------+--------+--------+--------+-----+--------+
         Total |   1893 |   1752 |    141 |      0 |   1270 |   3 |  631.0 |
       Dungeon |   1893 |   1752 |    141 |      0 |   1270 |   3 |  631.0 |
               +--------+--------+--------+--------+--------+-----+--------+

Top non-repeatable levels by time:
     D:1: 1263 daAuts
     D:2: 618 daAuts
     D:3: 12 daAuts
